[Event "*** Titled Tuesday Blitz"]
[Site "Chess.com"]
[Date "2019.02.05"]
[Round "3"]
[White "FMJoseHerrera"]
[Black "sergoy"]
[Result "0-1"]
[WhiteElo "2562"]
[BlackElo "2818"]
[TimeControl "180+2"]
[EndTime "13:36:38 PST"]
[Termination "sergoy won on time"]

1. Nf3 Nf6 2. g3 g6 3. Bg2 Bg7 4. d3 O-O 5. Nc3 d5 6. h4 d4 7. Nb1 c5 8. Bg5 Nc6 9. Qc1 h5 10. Bh6 Bxh6 11. Qxh6 Ng4 12. Qd2 e5 13. Ng5 f6 14. Ne4 Qe7 15. O-O Be6 16. c4 Kg7 17. a3 a5 18. a4 Bf5 19. Na3 Bxe4 20. dxe4 f5 21. exf5 gxf5 22. Qg5+ Qxg5 23. hxg5 Kg6 24. Nb5 Rad8 25. Nc7 Rd6 26. Ra3 Nb4 27. Bxb7 Kxg5 28. Bd5 Kf6 29. Kg2 Rh8 30. Rh1 Rd7 31. Nb5 e4 32. Rb3 d3 33. exd3 Nxd3 34. Rxd3 exd3 35. Nc3 Rdh7 36. Bf3 h4 37. Nd5+ Kg5 38. Bxg4 fxg4 39. Re1 d2 40. Re5+ Kg6 41. Ne3 hxg3 42. Kxg3 Rh3+ 43.
Kxg4 Rxe3 44. Rd5 Re4+ 45. Kf3 Rd4 0-1

[Event "*** Titled Tuesday Blitz"]
[Site "Chess.com"]
[Date "2019.02.05"]
[Round "3"]
[White "GameOverBro"]
[Black "idvidal"]
[Result "0-1"]
[WhiteElo "2497"]
[BlackElo "2493"]
[TimeControl "180+2"]
[EndTime "13:36:38 PST"]
[Termination "idvidal won by resignation"]

1. e4 e5 2. Nf3 Nc6 3. Bb5 Nf6 4. d4 exd4 5. O-O a6 6. Ba4 Be7 7. e5 Ne4 8. Nxd4 Nxd4 9. Qxd4 Nc5 10. Bb3 Nxb3 11. cxb3 O-O 12. Bf4 d6 13. exd6 Bf6 14.
Be5 Bxe5 15. Qxe5 cxd6 16. Qd4 Be6 17. Nc3 Rc8 18. Rad1 Qg5 19. Rd3 Rfd8 20. Rg3 Qe5 21. Rd1 Qxd4 22. Rxd4 d5 23. Rgd3 b5 24. f3 Kf8 25.
Kf2 Ke7 26. Rd2 Rd7 27. g4 g5 28. h3 h5 29. Kg3 hxg4 30. hxg4 Rc6 31. f4 gxf4+ 32.
Kxf4 Rc8 33. g5 Rh8 34. Ne2 Rh4+ 35. Ke3 Rh3+ 36. Kf4 Rh4+ 37. Kf3 Rh5 38. g6 fxg6 39. Nf4 Rf5 40. Re2 Rd6 41. Kg3 g5 42. Ng6+ Kf6 43.
Ne5 Rxe5 44. Rh2 Bf7 45. Rh8 Re3+ 46. Kg2 Re2+ 47. Kg3 Rde6 0-1

[Event "*** Titled Tuesday Blitz"]
[Site "Chess.com"]
[Date "2019.02.05"]
[Round "3"]
[White "Ekko_li"]
[Black "WPWPWP-2015"]
[Result "1-0"]
[WhiteElo "2503"]
[BlackElo "2308"]
[TimeControl "180+2"]
[EndTime "13:36:38 PST"]
[Termination "Ekko_li won on time"]

1. e4 c5 2. Nf3 e6 3. c3 Nf6 4. e5 Nd5 5. d4 cxd4 6. cxd4 d6 7.
Bc4 Be7 8. Qe2 O-O 9. O-O Bd7 10.
Nc3 Nxc3 11. bxc3 Bc6 12. Re1 Re8 13. Bd2 Nd7 14. Bd3 dxe5 15. Nxe5 Nxe5 16. Qxe5 Qd5 17. Qxd5 Bxd5 18. Be4 Red8 19. Bxd5 Rxd5 20. Reb1 b6 21. a4 Bd8 22. Rb5 Rd7 23. Kf1 Rc8 24. Ke2 Kf8 25.
Kd3 e5 26. Rxe5 Bf6 27. Rf5 Bd8 28. f3 Bc7 29. h4 a6 30. h5 g6 31. hxg6 hxg6 32.
Rg5 Kg7 33. Rh1 Re8 34. Rg4 Bd8 35. Re4 Rde7 36. Bh6+ Kg8 37. Bf4 Re6 38. d5 R6e7 39. Bd6 Rxe4 40. fxe4 f6 41. c4 Kg7 42. a5 bxa5 43.
c5 f5 44. e5 Bg5 45. Ra1 1-0

[Event "*** Titled Tuesday Blitz"]
[Site "Chess.com"]
[Date "2019.02.05"]
[Round "3"]
[White "Antipov_Mikhail_Al"]
[Black "metra93"]
[Result "0-1"]
[WhiteElo "2718"]
[BlackElo "2553"]
[TimeControl "180+2"]
[EndTime "13:36:38 PST"]
[Termination "metra93 won by resignation"]

1. e4 e6 2. d4 d5 3. Nc3 Bb4 4.
e5 c5 5. a3 Bxc3+ 6. bxc3 Qc7 7. Bd2 b6 8. Qg4 f5 9. Qh5+ Qf7 10. Qf3 Ne7 11. Nh3 O-O 12. Nf4 Ng6 13. Bb5 Nxf4 14. Bxf4 Ba6 15. a4 Bxb5 16. axb5 c4 17. h4 a5 18. h5 Qd7 19. h6 g6 20. Bg5 Qxb5 21.
Bf6 Nd7 22. Bg7 Rf7 23. Kd2 Qc6 24. Rh3 a4 25. Rg3 a3 26. Qd1 a2 27. Qc1 Qb5 28. Ke2 Qa5 29. Qb2 b5 30. Kd2 Nb6 31.
Qb4 Qxb4 32. cxb4 Ra4 33. c3 Ra3 34. Kc2 Rfa7 35. Bf6 Kf7 36. Bd8 Nd7 37. Ba5 Nb8 38. Kb2 Rb3+ 39. Kc2 Ra3 40. Kb2 Rb3+ 41. Kc2 Ra3 42.
Kb2 Ra4 43. Rxa2 Rxa2+ 44. Kxa2 Nc6 45. Kb2 Nxa5 46. bxa5 Rxa5 47. f4 Ra4 48. Rf3 b4 49.
Rf1 b3 50. Ra1 Rxa1 51. Kxa1 g5 0-1

[Event "*** Titled Tuesday Blitz"]
[Site "Chess.com"]
[Date "2019.02.05"]
[Round "3"]
[White "M1711"]
[Black "GM_dmitrij"]
[Result "0-1"]
[WhiteElo "2532"]
[BlackElo "2776"]
[TimeControl "180+2"]
[EndTime "13:36:39 PST"]
[Termination "GM_dmitrij won by resignation"]

1. d4 Nf6 2. Bg5 Ne4 3. Bf4 Nc6 4. f3 Nf6 5. e4 d5 6. e5 Nd7 7.
Bb5 Nb6 8. Ne2 Bd7 9. O-O Nxe5 10. Bxd7+ Nexd7 11. Nd2 e6 12. Qe1 c6 13. Qg3 Qf6 14. a4 a5 15. b3 Qg6 16. c3 Qxg3 17. Bxg3 Nc8 18. Nf4 Bd6 19. Nd3 Bxg3 20. hxg3 Nd6 21. b4 Ke7 22. Kf2 Ra7 23. bxa5 Rxa5 24. Nb3 Ra7 25. Ndc5 Nxc5 26. Nxc5 b6 27. Nd3 Nc4 28. Ne5 Nxe5 29. dxe5 Rha8 30. Rab1 Rb7 31. Ra1 c5 32.
Rfb1 Kd7 33. Rb5 Kc6 34. Ke3 h5 35. Kd3 Rxa4 36. Rxb6+ Rxb6 37. Rxa4 Rb2 38. Ra7 Rxg2 39. Rxf7 Rxg3 40. Ke3 h4 41. Re7 Rg6 42. Kf2 h3 43.
Ra7 Kb5 44. Ra1 Kc4 45. Rh1 Rh6 46. Kg3 h2 47. Kg2 Kxc3 48. f4 Kd4 49. Rd1+ Ke4 50.
Kh1 c4 51. Re1+ Kxf4 52. Rf1+ Kxe5 53. Re1+ Kd6 54. Ra1 c3 55. Ra7 c2 56. Ra1 d4 57.
Ra6+ Kc5 58. Ra5+ Kb4 59. Ra1 d3 0-1

[Event "*** Titled Tuesday Blitz"]
[Site "Chess.com"]
[Date "2019.02.05"]
[Round "3"]
[White "NemtsevIgor"]
[Black "Alopekos"]
[Result "0-1"]
[WhiteElo "2305"]
[BlackElo "2489"]
[TimeControl "180+2"]
[EndTime "13:36:40 PST"]
[Termination "Alopekos won on time"]

1. d3 e5 2. g3 d5 3. Nf3 Nc6 4. Bg2 Nf6 5. O-O Be7 6. c4 O-O 7. cxd5 Nxd5 8. Nc3 Nb6 9. Be3 Bg4 10. Rc1 Re8 11. Na4 e4 12. Nxb6 axb6 13. dxe4 Qxd1 14. Rfxd1 Rxa2 15. Bf4 Rxb2 16. Bxc7 Rxe2 17. Bxb6 Rxe4 18. Re1 Rxe1+ 19. Rxe1 Kf8 20. Nd4 Nxd4 21. Bxd4 b5 22. Bc6 Rd8 23. Bxg7+ Kxg7 24. Rxe7 Bh3 25. Re1 b4 26. Rb1 b3 27. f4 Rb8 28. Rb2 Bf5 29.
Kf2 Bc2 30. Ke3 Kf6 31. Bd5 Rb5 32. Kd4 h5 33. Bc4 Rb7 34. h3 Kf5 35. Be2 h4 36. Bg4+ Kf6 37. gxh4 Rb4+ 38. Ke3 Re4+ 39. Kf3 Ra4 40.
Ke3 Ra2 0-1

[Event "*** Titled Tuesday Blitz"]
[Site "Chess.com"]
[Date "2019.02.05"]
[Round "3"]
[White "dcremisi"]
[Black "GianmarcoVaR"]
[Result "0-1"]
[WhiteElo "2340"]
[BlackElo "2594"]
[TimeControl "180+2"]
[EndTime "13:36:42 PST"]
[Termination "GianmarcoVaR won by resignation"]

1. e4 g6 2. g3 Bg7 3. Bg2 c5 4. Ne2 Nc6 5. O-O e6 6. f4 Nge7 7. d3 O-O 8. Nbc3 d6 9. Be3 Nd4 10. Bf2 Rb8 11. Nxd4 cxd4 12. Ne2 e5 13. fxe5 dxe5 14.
c3 dxc3 15. Nxc3 b6 16. Qe2 Ba6 17. Rfd1 Qd7 18. Rac1 Rfd8 19. Nd5 Nxd5 20. exd5 Bb7 21. d4 Bxd5 22. dxe5 Qe6 23. Rxd5 Rxd5 24. Bxd5 Qxd5 25.
Rc7 Bxe5 26. Rxa7 Rc8 27. Be3 Bf6 28. Qd2 Qe4 29. Rd7 h5 30. Qd3 Qe6 31. Rd6 Qe5 32. Bf4 Qe1+ 33. Kg2 Be7 34. Rd7 Qe6 35. Rd4 Bc5 36.
Re4 Qxa2 37. Qe2 Qa8 38. Kh3 Rd8 39. Be5 Re8 40. b4 Bf8 41. Qd3 Bg7 42. Bxg7 Qxe4 43. Qc3 Qg4+ 44. Kg2 Re2+ 45. Kg1 Qf5 46. Bd4 Qb1+ 0-1

[Event "*** Titled Tuesday Blitz"]
[Site "Chess.com"]
[Date "2019.02.05"]
[Round "3"]
[White "LyonBeast"]
[Black "TrimitziosP7"]
[Result "1-0"]
[WhiteElo "2917"]
[BlackElo "2687"]
[TimeControl "180+2"]
[EndTime "13:36:44 PST"]
[Termination "LyonBeast won on time"]

1. Nf3 Nf6 2. g3 d5 3. Bg2 c6 4. O-O Bg4 5. h3 Bxf3 6. Bxf3 Nbd7 7. d3 e6 8. e4 dxe4 9. dxe4 h5 10. Qe2 h4 11. e5 Nd5 12. g4 Qc7 13. Re1 O-O-O 14. Bg2 Bc5 15. a3 Ne7 16. Nd2 Ng6 17. Nf3 Bb6 18.
a4 a6 19. Ra3 Kb8 20. Rd3 Nc5 21. Rxd8+ Rxd8 22. Bg5 Rd7 23. Qc4 Ba7 24. a5 Rd5 25. Nxh4 Rxe5 26. Rxe5 Qxe5 27. Be3 Nd7 28. Nxg6 Qxb2 29.
Qf4+ Ka8 30. Qxf7 Bxe3 31. fxe3 Nb8 32. Qxe6 Qxc2 33. Kh2 Qc5 34. Qe5 Qb4 35. Qc7 Qd2 36. e4 Nd7 37. e5 Nc5 38. Qd6 Qe3 39. Qd8+ Ka7 40. Qb6+ Ka8 41. h4 Qc3 42. h5 Nd3 43. Qe3 Qc4 44. e6 Qxg4 45. e7 Qxh5+ 46. Bh3 1-0

[Event "*** Titled Tuesday Blitz"]
[Site "Chess.com"]
[Date "2019.02.05"]
[Round "3"]
[White "staz_staz"]
[Black "champ2005"]
[Result "0-1"]
[WhiteElo "2348"]
[BlackElo "2593"]
[TimeControl "180+2"]
[EndTime "13:36:47 PST"]
[Termination "champ2005 won by resignation"]

1. c4 e5 2. e3 Nf6 3. Nc3 Nc6 4. Nf3 Bb4 5. Nd5 Bd6 6. d3 O-O 7. Be2 Nxd5 8. cxd5 Ne7 9. Qb3 c6 10. dxc6 dxc6 11.
O-O Qc7 12. Bd2 Be6 13. Qc2 Ng6 14. Rac1 Rad8 15. a3 Rfe8 16. b4 Qb8 17. Qb2 Bd5 18.
e4 Be6 19. g3 Bc7 20. Rfd1 Bg4 21. Bc3 Bb6 22. Ne1 Be6 23. a4 a6 24. b5 Qa7 25.
Bf1 cxb5 26. axb5 a5 27. Kg2 a4 28. Ra1 Ra8 29. Nc2 Bxf2 30. d4 exd4 31. Nxd4 Bxd4 32. Bxd4 b6 33. Bxg7 Qb7 34. Bd3 Bf5 35. Bh6 Bxe4+ 36.
Kg1 Re5 37. Re1 f5 38. Bc4+ Kh8 39. Rad1 Re8 40. Bf4 Qg7 41. Bxe5 Nxe5 42. Ba2 Nf3+ 43. Kf2 Qxb2+ 44. Re2 Qxe2+ 45. Kxe2 Bc2+ 0-1

[Event "*** Titled Tuesday Blitz"]
[Site "Chess.com"]
[Date "2019.02.05"]
[Round "3"]
[White "NoGalloNoParty"]
[Black "David_Klein"]
[Result "0-1"]
[WhiteElo "2322"]
[BlackElo "2586"]
[TimeControl "180+2"]
[EndTime "13:36:49 PST"]
[Termination "David_Klein won by resignation"]

1. d4 g6 2. Nf3 Bg7 3. c4 c5 4.
d5 Nf6 5. Nc3 O-O 6. g3 e6 7. Bg2 exd5 8. cxd5 d6 9. O-O Re8 10.
Bf4 a6 11. a4 Bf5 12. Nd2 Nh5 13. Be3 Nd7 14. Nc4 Ne5 15. Nxe5 Bxe5 16. Qd2 Bg7 17.
Bh6 Bh8 18. Rfe1 Bd7 19. a5 Nf6 20. Bg5 Qe7 21. e4 Qf8 22. Na4 Bxa4 23. Rxa4 Ng4 24. h3 Ne5 25. f4 Nd7 26. Kh2 Rac8 27. Rc4 Qg7 28. b4 cxb4 29. Qxb4 Nc5 30. e5 h6 31. Bf6 Qf8 32. Bxh8 Kxh8 33. Qc3 Kg8 34. e6 Qg7 35. Qe3 Qf6 36. Rxc5 dxc5 37. Qb3 fxe6 38. dxe6 Re7 39. Rd1 c4 40. Qb4 c3 41. Bxb7 c2 42. Rc1 Rcc7 43. Bg2 Kg7 44. Qb3 Qxe6 45. Qb2+ Qf6 46. Rxc2 Qxb2 47. Rxb2 Rc5 48. Rb6 Re2 49. h4 Rcc2 0-1

[Event "*** Titled Tuesday Blitz"]
[Site "Chess.com"]
[Date "2019.02.05"]
[Round "3"]
[White "CM_Perligero"]
[Black "Grieve72"]
[Result "0-1"]
[WhiteElo "2215"]
[BlackElo "2323"]
[TimeControl "180+2"]
[EndTime "13:36:51 PST"]
[Termination "Grieve72 won on time"]

1. Nf3 d5 2. g3 e6 3. Bg2 Nf6 4. O-O b5 5. d4 Bb7 6. a4 b4 7. Ne5 Nbd7 8. Bg5 h6 9. Bf4 g5 10.
Bd2 a5 11. c4 Bd6 12. f4 g4 13.
c5 Bxe5 14. fxe5 Ng8 15. Qc2 Ba6 16. Be3 Ne7 17. Rf2 h5 18. Nd2 c6 19. Bg5 Rg8 20.
Bh4 Qc7 21. Qh7 Nf8 22. Qxh5 Nf5 23. Rxf5 exf5 24. Qxf5 Ng6 25. e6 Nxh4 26. gxh4 Bc8 27. exf7+ Qxf7 28. Qe5+ Qe6 29. Qg3 Ra7 30. e4 dxe4 31.
Re1 Re7 32. Rxe4 Qf6 33. Qb8 Kf7 34. Rxe7+ Qxe7 35. Ne4 Be6 36. Qf4+ Kg7 37. Ng5 Qf6 38. Qc7+ Bf7 39. Bxc6 Rf8 40. Bd5 Qxd4+ 41. Kf1 Qxd5 0-1

[Event "*** Titled Tuesday Blitz"]
[Site "Chess.com"]
[Date "2019.02.05"]
[Round "3"]
[White "KlyashtornyVladislav"]
[Black "Eliwood44"]
[Result "1-0"]
[WhiteElo "2202"]
[BlackElo "2145"]
[TimeControl "180+2"]
[EndTime "13:36:51 PST"]
[Termination "KlyashtornyVladislav won by checkmate"]

1. e4 e5 2. Nf3 Nc6 3. Bb5 g6 4. c3 a6 5. Bxc6 dxc6 6. Nxe5 Qe7 7. d4 f6 8. Nf3 Qxe4+ 9. Be3 Bd7 10. Nbd2 Qe7 11.
O-O O-O-O 12. Re1 Qf7 13. b4 Nh6 14. Nb3 Nf5 15. Nc5 Bxc5 16. bxc5 Kb8 17. Qd3 Be6 18. Nd2 Rhe8 19. Reb1 Ka7 20. Rb2 Nxe3 21. fxe3 Bc8 22.
e4 f5 23. exf5 Qxf5 24. Qxf5 Bxf5 25. Nf3 Re3 26. Rc1 Bd3 27. Kf2 Re7 28. Ne5 Be4 29.
Re1 Rf8+ 30. Kg1 Rxe5 31. dxe5 Bd5 32. e6 Re8 33. e7 Kb8 34. Rf2 Kc8 35. Rf8 Kd7 36.
Rxe8 Kxe8 37. a3 b6 38. Re5 bxc5 39. g3 c4 40. Kf2 Bf7 41. Ke3 Kd7 42. Kd4 h6 43.
Kc5 g5 44. h4 gxh4 45. gxh4 h5 46. Kb4 Be8 47. Ka5 Kd6 48. Re1 c5 49. Kxa6 c6 50. Kb6 Kd5 51. a4 Kd6 52. a5 Kd7 53. Kb7 Kd6 54. a6 Bd7 55. a7 Bc8+ 56. Kxc8 Kd5 57. e8=Q Kd6 58. Qe6# 1-0

[Event "*** Titled Tuesday Blitz"]
[Site "Chess.com"]
[Date "2019.02.05"]
[Round "3"]
[White "vgyogi"]
[Black "Chess2019Player"]
[Result "1-0"]
[WhiteElo "2160"]
[BlackElo "2017"]
[TimeControl "180+2"]
[EndTime "13:36:51 PST"]
[Termination "vgyogi won on time"]

1. d4 Nf6 2. Bg5 e6 3. e4 Bb4+ 4. c3 Be7 5. Nd2 d5 6. e5 Nfd7 7. Be3 c5 8. f4 Nc6 9. Ngf3 f6 10. a3 O-O 11. Bd3 cxd4 12. cxd4 fxe5 13. fxe5 Qe8 14. O-O Qh5 15. b4 b6 16. Rc1 Bb7 17. Bb5 Rac8 18. Qa4 Ndb8 19. h3 a6 20. Be2 b5 21.
Qd1 Nd7 22. Ng5 Qg6 23. Ndf3 Rxf3 24. Nxf3 Nb6 25. Bd3 Qe8 26. Bg5 Nc4 27. Qe2 Bxg5 28. Nxg5 Nxd4 29. Qf2 Nf5 30. Bxf5 exf5 31. Qxf5 g6 32.
Qf3 Nxe5 33. Qe3 d4 34. Rxc8 Bxc8 35. Qe4 Bf5 36. Qd5+ Kg7 37. g4 Qe7 38. Ne4 Bxe4 39. Qxe4 d3 40. Rd1 Qa7+ 41. Kg2 Qc7 42. Qe3 Qc6+ 43.
Kg3 Qd6 44. Qf4 h6 45. h4 Qe6 46. Rf1 1-0

[Event "*** Titled Tuesday Blitz"]
[Site "Chess.com"]
[Date "2019.02.05"]
[Round "3"]
[White "hurricane7791"]
[Black "HomayoonTofighi"]
[Result "0-1"]
[WhiteElo "2674"]
[BlackElo "2729"]
[TimeControl "180+2"]
[EndTime "13:36:54 PST"]
[Termination "HomayoonTofighi won by resignation"]

1. d4 Nf6 2. c4 e6 3. Nc3 Bb4 4. e3 c5 5. a3 Bxc3+ 6. bxc3 O-O 7.
Bd3 b6 8. Ne2 Bb7 9. O-O d6 10.
Ng3 Nbd7 11. e4 Qc7 12. a4 Ba6 13. Qe2 Rfc8 14. Ba3 cxd4 15. cxd4 Bxc4 16. Rfc1 Bxd3 17. Qxd3 Qb7 18. Bxd6 Rc6 19. Rxc6 Qxc6 20. Bf4 Rc8 21. Rc1 Qb7 22. f3 Rxc1+ 23. Bxc1 Qc6 24. Qd1 h6 25. Be3 Qc3 26. Kf2 Qc4 27. Nf1 b5 28. axb5 Qxb5 29. Nd2 Nb6 30. Qb3 Qa5 31. g4 Nfd7 32. h4 Qa1 33.
Kg2 Qe1 34. g5 hxg5 35. hxg5 Qe2+ 36. Kg3 Nf8 37. Bf4 Qe1+ 38. Kg2 Qe2+ 39. Kg3 Qe1+ 40. Kg2 Ng6 41. Qe3 Nxf4+ 42. Qxf4 Nd7 43. Nf1 a5 44. Qd2 Qa1 45. d5 exd5 46. Qxd5 Ne5 47.
Ne3 Qb2+ 48. Kg3 Qc3 49. Qb5 a4 50. Qxa4 Qe1+ 51. Kf4 Ng6+ 52. Kf5 Qxe3 53. Qe8+ Kh7 0-1

[Event "*** Titled Tuesday Blitz"]
[Site "Chess.com"]
[Date "2019.02.05"]
[Round "3"]
[White "sergeikim"]
[Black "Supernotar"]
[Result "0-1"]
[WhiteElo "2467"]
[BlackElo "2491"]
[TimeControl "180+2"]
[EndTime "13:36:55 PST"]
[Termination "Supernotar won by resignation"]

1. d4 d5 2. c4 dxc4 3. e3 Nf6 4. Bxc4 e6 5. Nf3 a6 6. O-O b5 7. Bb3 Bb7 8. Nc3 Nbd7 9. Qe2 c5 10. Rd1 Qc7 11. e4 b4 12. e5 bxc3 13. exf6 Nxf6 14.
d5 O-O-O 15. Bg5 cxb2 16. Qxb2 exd5 17. Rac1 Bd6 18. Bxf6 gxf6 19. Qxf6 Rhg8 20. g3 c4 21. Bc2 Kb8 22. Rb1 Ka7 23. Nd4 Bc5 24. Ba4 Rd6 25. Qf5 Rb6 26. Rxb6 Qxb6 27. Qxf7 Rf8 28. Qg7 Ka8 29.
Qe5 Qb2 30. f4 Qb4 31. Bd7 Rd8 32. Be6 Qb6 33. f5 c3 34. Kg2 Qb2+ 35. Kh3 c2 36.
Re1 Bxd4 37. Qc7 Rb8 38. Qd7 c1=Q 39. Rxc1 Qxc1 40. Bxd5 Qh6+ 41. Kg2 Qd2+ 42. Kh3 Qb4 43. Bc6 Bxc6 44. Qxc6+ Qb7 45. Qd6 Bh8 46. f6 Qc8+ 47.
g4 Qc3+ 48. Kg2 Qxf6 49. Qd5+ Ka7 50. Qd7+ Rb7 0-1

[Event "*** Titled Tuesday Blitz"]
[Site "Chess.com"]
[Date "2019.02.05"]
[Round "3"]
[White "bilelou"]
[Black "SerkanSoysal"]
[Result "1-0"]
[WhiteElo "2601"]
[BlackElo "2553"]
[TimeControl "180+2"]
[EndTime "13:36:57 PST"]
[Termination "bilelou won by resignation"]

1. e4 c5 2. Nf3 g6 3. d4 cxd4 4. Nxd4 Bg7 5. c4 Nc6 6. Nc2 Nf6 7. Nc3 O-O 8. Be2 d6 9. O-O Nd7 10. Bd2 b6 11. f3 Bb7 12. Rc1 Rc8 13. Kh1 Nc5 14.
b4 Ne6 15. Ne3 Nxb4 16. f4 Nd4 17. Bg4 f5 18. Bh3 e6 19. exf5 gxf5 20. Be1 Nbc6 21. Qh5 Qe8 22. Qh4 Qg6 23. Rd1 Bf6 24. Qf2 Qh6 25.
Kg1 Kh8 26. Rd3 Rg8 27. Ned1 Rg7 28. Nb5 Nxb5 29. cxb5 Ne7 30. Bc3 Bxc3 31. Nxc3 Nd5 32. Nxd5 Bxd5 33. Re1 Qf6 34. g3 Rc3 35. Rxc3 Qxc3 36.
Bg2 Bxg2 37. Kxg2 Qd3 38. Kg1 Qd5 39. Qc2 Qxb5 40. Qc8+ Rg8 41. Qxe6 Qc5+ 42. Re3 Qd4 43. Kg2 Rf8 44. Qe7 Qg7 45. Qxd6 h6 46. Re7 Rf7 47. Rxf7 Qxf7 48. Qxh6+ Kg8 49. Qg5+ Kh7 50. Kh3 b5 51. Kh4 a5 52. h3 a4 53. g4 fxg4 54.
hxg4 b4 55. Qe5 b3 56. axb3 axb3 57. Qe4+ Kg7 58. g5 b2 59. f5 Qb3 60. f6+ Kh8 61. Qe8+ Qg8 62. f7 1-0

[Event "*** Titled Tuesday Blitz"]
[Site "Chess.com"]
[Date "2019.02.05"]
[Round "3"]
[White "Parhamov"]
[Black "nailbeshirli"]
[Result "1-0"]
[WhiteElo "2969"]
[BlackElo "2679"]
[TimeControl "180+2"]
[EndTime "13:36:59 PST"]
[Termination "Parhamov won by resignation"]

1. Nf3 c5 2. g3 Nc6 3. Bg2 g6 4. O-O Bg7 5. c3 e5 6. d3 Nge7 7. a3 O-O 8. b4 d6 9. Bb2 h6 10. Nbd2 Be6 11. e4 Qd7 12. b5 Nd8 13. a4 f5 14. d4 fxe4 15. Nxe4 b6 16. dxe5 d5 17.
Nf6+ Bxf6 18. exf6 Rxf6 19. c4 d4 20. Nxd4 cxd4 21. Bxa8 Nf5 22. Re1 Nf7 23. Rxe6 Qxe6 24. Bd5 Qe5 25. Qd2 Rd6 26. Re1 Qf6 27. h4 h5 28. Qf4 Kh7 29. Ba3 Kg7 30. Bxf7 Kxf7 31. Bxd6 Nxd6 32. Qe5 Qxe5 33. Rxe5 Nxc4 34. Rd5 Nd2 35.
Kg2 Nb3 36. Kf3 Ke7 37. Ke4 Nc5+ 38. Kxd4 Nxa4 39. f3 Nc5 40. g4 hxg4 41. fxg4 Ke6 42. Rd8 a5 43. bxa6 Nxa6 44. Rg8 Kf7 45. Rc8 Nc5 46. Rc6 Nd7 47. g5 b5 48. Kd5 b4 49.
Rc7 Ke8 50. Ke6 Nf8+ 51. Kf6 b3 52. Rc8+ 1-0

[Event "*** Titled Tuesday Blitz"]
[Site "Chess.com"]
[Date "2019.02.05"]
[Round "3"]
[White "DanielMieles1985"]
[Black "Feegus"]
[Result "1-0"]
[WhiteElo "2655"]
[BlackElo "2379"]
[TimeControl "180+2"]
[EndTime "13:36:59 PST"]
[Termination "DanielMieles1985 won on time"]

1. d4 Nf6 2. c4 c5 3. d5 b5 4.
cxb5 a6 5. e3 g6 6. Nc3 Bg7 7. a4 O-O 8. Nf3 d6 9. e4 Qa5 10. Bd2 Qb4 11. Ra3 Nxe4 12. Rb3 Nxc3 13. bxc3 Qxa4 14. b6 Bb7 15. c4 e6 16. dxe6 Re8 17.
Be2 Rxe6 18. Rb1 Qxc4 19. Rc1 Qb5 20. Kf1 Qxb6 21. Rb1 Qc6 22. h4 Nd7 23. Rh3 Rae8 24. Bc4 R6e7 25. h5 d5 26. Ba2 a5 27. hxg6 hxg6 28.
Kg1 d4 29. Rh2 Ba6 30. Qc1 Bd3 31. Bh6 Bxb1 32. Bxg7 Qxf3 33. Rh8+ Kxg7 34. Qh6+ Kf6 35. Qh4+ g5 36. Qh6+ Bg6 37. gxf3 Rxh8 38. Qxh8+ Kf5 39. Qd8 Re1+ 40. Kg2 Ne5 41. Qc8+ Kf4 42. Qxc5 Nxf3 43. Qd6+ Ne5 44. Bd5 f5 45. Qb6 Rd1 46. Qb3 g4 47.
Qxd1 Nf3 48. Qc1+ 1-0

[Event "*** Titled Tuesday Blitz"]
[Site "Chess.com"]
[Date "2019.02.05"]
[Round "3"]
[White "Thefirstchess"]
[Black "chesstatour"]
[Result "1-0"]
[WhiteElo "2046"]
[BlackElo "2007"]
[TimeControl "180+2"]
[EndTime "13:36:59 PST"]
[Termination "Thefirstchess won on time"]

1. c4 f5 2. Nc3 Nf6 3. g3 g6 4.
Bg2 Bg7 5. d3 d6 6. e4 O-O 7. Nge2 c6 8. O-O Kh8 9. b3 e5 10. f4 Be6 11. h3 Na6 12. Be3 Qd7 13.
Kh2 Rae8 14. Rc1 Nc7 15. Bxa7 exf4 16. Nxf4 fxe4 17. dxe4 c5 18. Bb6 Na8 19. Nxe6 Rxe6 20. Nd5 Nxd5 21. Rxf8+ Bxf8 22. cxd5 Re7 23. Ba5 Bg7 24.
Bc3 Qe8 25. Qd2 Nc7 26. Qb2 Bxc3 27. Qxc3+ Re5 28. Rf1 Qe7 29. Rf4 Kg7 30. a3 Nb5 31.
Qb2 Nd4 32. b4 b6 33. Rf2 h6 34. Qb1 Rg5 35. Rb2 Qe5 36. Qe1 h5 37. h4 Rg4 38.
Kh3 Qf6 39. bxc5 bxc5 40. Rb7+ Kg8 41. Qa5 Rxg3+ 42. Kxg3 Qe5+ 43. Kh3 1-0

[Event "*** Titled Tuesday Blitz"]
[Site "Chess.com"]
[Date "2019.02.05"]
[Round "3"]
[White "Incognito_Knight"]
[Black "VerdeNotte"]
[Result "1/2-1/2"]
[WhiteElo "2624"]
[BlackElo "2843"]
[TimeControl "180+2"]
[EndTime "13:37:04 PST"]
[Termination "Game drawn - insufficient material"]

1. e4 c5 2. Nf3 d6 3. d4 cxd4 4. Nxd4 Nf6 5. f3 Nc6 6. c4 e6 7. Nc3 d5 8. cxd5 exd5 9. exd5 Nxd5 10. Nxc6 bxc6 11. Nxd5 Qxd5 12. Qxd5 cxd5 13. Bb5+ Bd7 14. Bxd7+ Kxd7 15. Be3 Bb4+ 16. Kf2 Rhc8 17. Rhc1 a6 18. Ke2 Bd6 19. f4 Rab8 20. b3 Re8 21. Kd3 Rb4 22. g3 Rbe4 23. Bd4 g6 24. Rc2 h5 25. Rd1 h4 26. Rf1 Re1 27. Rxe1 Rxe1 28. Re2 Rd1+ 29.
Rd2 Rxd2+ 30. Kxd2 g5 31. fxg5 h3 32. Bf2 Ke6 33.
Ke2 Kf5 34. Kf3 Kxg5 35. Be1 Kf5 36. a4 d4 37. b4 d3 38. b5 axb5 39. axb5 Bc5 40.
Bd2 Ke5 41. Bf4+ Kd5 42. Be3 Bd6 43. Kg4 Kc4 44. Kxh3 Bc5 45. Bd2 Kxb5 46. Kg4 Bb4 47. Be3 d2 48. Bxd2 Bxd2 49. Kf5 Bc3 50. g4 Kc6 51. g5 Bh8 52. g6 f6 53. Ke6 f5 54.
Kxf5 Kd7 55. h4 Ke7 56. h5 Bg7 57. Kg5 Kf8 58. h6 Bb2 59. g7+ Kf7 60. Kf5 Bc1 61. h7 Kxg7 62. h8=Q+ Kxh8 1/2-1/2

[Event "*** Titled Tuesday Blitz"]
[Site "Chess.com"]
[Date "2019.02.05"]
[Round "3"]
[White "Caterpiller35"]
[Black "jeetjain"]
[Result "1/2-1/2"]
[WhiteElo "2238"]
[BlackElo "2343"]
[TimeControl "180+2"]
[EndTime "13:37:04 PST"]
[Termination "Game drawn by repetition"]

1. d4 d5 2. Bf4 Nf6 3. e3 c5 4. c3 e6 5. Nd2 Nc6 6. Bd3 Bd6 7. Bxd6 Qxd6 8. f4 O-O 9. Ngf3 a6 10.
O-O b5 11. Ne5 Bb7 12. Qf3 Ne7 13. g4 Ne8 14. dxc5 Qc7 15. b4 f6 16. Qh3 g6 17.
Nef3 a5 18. a3 axb4 19. axb4 e5 20. Rxa8 Bxa8 21. fxe5 fxe5 22. Ng5 Rxf1+ 23. Bxf1 Nf6 24. Bxb5 Qa7 25. Qf1 Kg7 26. Ne6+ Kf7 27. g5 Nf5 28. Nd8+ Ke7 29. Nc6+ Bxc6 30. gxf6+ Kd7 31. Bxc6+ Kxc6 32. e4 dxe4 33. Nxe4 Qa2 34. b5+ Kc7 35. Qd1 Qc4 36.
b6+ Kc6 37. Qf3 Nh4 38. Qg4 Nf5 39. f7 Qxf7 40. Qf3 Kb5 41. Qxf5 Qxf5 42. Nd6+ Kc6 43. Nxf5 gxf5 44. Kf2 h5 45. c4 h4 46. Kf3 Kb7 47.
Kg2 e4 48. Kh3 e3 49. Kg2 f4 50. Kf3 h3 51. Ke2 Kc6 52. Kf3 Kd7 53. Ke2 Kc6 54. Kf3 Kb7 55. Ke2 Kc6 56. Kf3 Kb7 57. Ke2 Kc6 58. Kf3 Kb7 1/2-1/2

[Event "*** Titled Tuesday Blitz"]
[Site "Chess.com"]
[Date "2019.02.05"]
[Round "3"]
[White "KRASAVCHIK2002"]
[Black "x-5963514717"]
[Result "0-1"]
[WhiteElo "2254"]
[BlackElo "2457"]
[TimeControl "180+2"]
[EndTime "13:37:05 PST"]
[Termination "x-5963514717 won by resignation"]

1. e4 e5 2. Nf3 Nc6 3. Bb5 a6 4. Ba4 Nge7 5. c3 g6 6. d4 exd4 7. cxd4 b5 8. Bb3 Bg7 9. O-O O-O 10. Nc3 d6 11. h3 Bb7 12. Re1 Na5 13. Bc2 Qd7 14.
Bf4 Rad8 15. Qc1 Rfe8 16. b3 c5 17. Qd2 cxd4 18. Nxd4 Nac6 19. Be3 d5 20. e5 Nxe5 21. Bh6 N7c6 22. Bxg7 Kxg7 23. f4 Nc4 24. bxc4 dxc4 25.
Rxe8 Qxe8 26. Nce2 Qd7 27. Rd1 Qc7 28. Qc3 Kg8 29.
f5 Nxd4 30. Rxd4 Re8 31. Ng3 b4 32. Qxc4 Qxg3 33. Be4 Qe1+ 34. Kh2 Bxe4 35. fxg6 Bxg6 36. Qxb4 Qe5+ 37. Rf4 a5 38. Qc4 Rb8 39. Kg1 Rb1+ 40. Kf2 Rb4 41. Qc8+ Kg7 42. Rxb4 axb4 43. Qc4 Qc3 44.
Qd5 Qb2+ 45. Kg1 h5 46. g4 hxg4 47. hxg4 Qc3 48. Kh2 Qc2+ 49. Kg1 Qe4 50. Qd1 Qe3+ 51. Kg2 Be4+ 52. Kf1 Qd3+ 53. Qxd3 Bxd3+ 0-1